Description

DNS v SOS: 3. Runde im PvP, sehr guter Build für Elite Spieler

Replay - DnS v sOs: Game 3 - Blackpink LE

Build Order

Get SALT Encoding   

  12  0:00  Probe  
  13  0:12  Probe  
  14  0:17  Pylon  
  14  0:24  Probe (Chrono Boost)  
  15  0:36  Probe (Chrono Boost)  
  15  0:39  Gateway  
  16  0:44  Probe (Chrono Boost)  
  16  0:47  Assimilator  
  17  0:51  Probe (Chrono Boost)  
  17  0:54  Assimilator  
  18  1:03  Probe (Chrono Boost)  
  19  1:11  Probe (Chrono Boost)  
  20  1:14  Gateway  
  20  1:17  Probe  
  21  1:27  Cybernetics Core  
  21  1:29  Probe  
  22  1:33  Pylon  
  24  1:58  Warp Gate (Chrono Boost)  
  24  2:03  Stalker x2  
  28  2:12  Pylon  
  28  2:27  Pylon  
  28  2:33  Stalker x2  
  32  2:52  Gateway  
  32  3:03  Stalker x2  
  36  3:08  Stargate  
  34  3:43  Pylon  
  32  3:53  Oracle (Chrono Boost)  
  32  3:54  Shield Battery  
  35  3:59  Stalker x2  
  37  4:07  Stalker  
  38  4:23  Stalker  
  40  4:29  Phoenix (Chrono Boost)  
  44  5:06  Phoenix (Chrono Boost)  
  37  5:37  Phoenix  
  40  6:00  Sentry  
  42  6:04  Phoenix  
  42  6:06  Zealot  
  47  6:31  Phoenix  
  48  6:38  Zealot  
  52  6:56  Phoenix  
  54  7:26  Phoenix (Chrono Boost)  
  54  7:29  Adept  
  58  7:45  Phoenix (Chrono Boost)  
  61  8:17  Phoenix (Chrono Boost)  
  67  8:44  Phoenix  
  61  9:41  Nexus  
Spawning Tool Build Advisor. Get it on Overwolf

Go to:

Details

  • Created by: Allyosn
  • Published on: Apr 24, 2018
  • Modified on: Apr 24, 2018
  • Patch: 4.0.0
Show
View Real Time Build Order
Export as new Build Order

Comments (0)

There are no comments. Be the first!

Create an account to comment!